| TOP OF THE 1ST |
|
Texas Rangers batting - Pitching for Colorado Rockies : LHP Marquise Barretti
|
|
Pitching: LHP Marquise Barretti
|
|
|
Batting: RHB David Casas
|
0-0: Called Strike 0-1: Ball 1-1: Foul Ball, location: 2F 1-2: Ball 2-2: Strikes out swinging
|
|
Batting: SHB John Giesbrecht
|
0-0: Ball 1-0: Foul Ball, location: 2F 1-1: Ground out 5-3 (Groundball, 56, EV 85.6 MPH)
|
|
Batting: RHB Bert Clark
|
0-0: Called Strike 0-1: Ball 1-1: SINGLE (Groundball, 34D, EV 101.3 MPH)
|
|
Batting: RHB Rich Stinson
|
0-0: Ball 1-0: Swinging Strike 1-1: Fielders Choice at 2nd, 6-4 (Groundball, 6, EV 91.9 MPH)
|
| Top of the 1st over - 0 runs, 1 hit, 0 errors, 1 left on base; Texas 0 - Colorado 0 |
| BOTTOM OF THE 1ST |
|
Colorado Rockies batting - Pitching for Texas Rangers : RHP Lu-shan Zhào
|
|
Pitching: RHP Lu-shan Zhào
|
|
|
Batting: RHB Joel Haycock
|
0-0: Ball 1-0: Called Strike 1-1: Ball 2-1: Swinging Strike 2-2: Foul Ball, location: 2F 2-2: SOLO HOME RUN (Flyball, 7D, EV 101.3 MPH), Distance : 392 ft
|
|
Batting: RHB Chad Thompson
|
0-0: Called Strike 0-1: SINGLE (Groundball, 6D, EV 101.9 MPH)
|
|
Batting: SHB Chris Blue
|
0-0: Ball 1-0: Ball 2-0: Fly out, F7 (Flyball, 78M, EV 91.9 MPH)
|
|
Batting: RHB Jason Andrews
|
0-0: Ball 1-0: Called Strike 1-1: Ball 2-1: Ball 3-1: Fly out, F7 (Flyball, 7S, EV 88.1 MPH)
|
|
Batting: LHB Robert Watson
|
0-0: Ball 1-0: Called Strike 1-1: Ground out 4-3 (Groundball, 4S, EV 89.4 MPH)
|
| Bottom of the 1st over - 1 run, 2 hits, 0 errors, 1 left on base; Texas 0 - Colorado 1 |
| TOP OF THE 2ND |
|
Texas Rangers batting - Pitching for Colorado Rockies : LHP Marquise Barretti
|
|
Batting: RHB Casey Semenza
|
0-0: Ball 1-0: Ball 2-0: Called Strike 2-1: Foul Ball, location: 2F 2-2: Fly out, F6 (Flyball, 6D, EV 96.9 MPH)
|
|
Batting: SHB Vince Ealy
|
0-0: Called Strike 0-1: Foul Ball, location: 2F 0-2: Ball 1-2: Foul Ball, location: 2F 1-2: Ball 2-2: Strikes out swinging
|
|
Batting: LHB Johan de Vries
|
0-0: Fly out, F9 (Flyball, 9S, EV 71.3 MPH)
|
| Top of the 2nd over - 0 runs, 0 hits, 0 errors, 0 left on base; Texas 0 - Colorado 1 |
| BOTTOM OF THE 2ND |
|
Colorado Rockies batting - Pitching for Texas Rangers : RHP Lu-shan Zhào
|
|
Batting: RHB Rico Coss
|
0-0: Swinging Strike 0-1: Ball 1-1: Fly out, F8 (Flyball, 8RM, EV 86.3 MPH)
|
|
Batting: LHB Chris Locklear
|
0-0: Called Strike 0-1: Foul Ball, location: 2F 0-2: Ground out 6-3 (Groundball, 6, EV 90.6 MPH)
|
|
Batting: RHB Leo Mair
|
0-0: Ball 1-0: Ball 2-0: Called Strike 2-1: Foul Ball, location: 2F 2-2: Foul Ball, location: 2F 2-2: Foul Ball, location: 2F 2-2: Fly out, F8 (Flyball, 8RS, EV 76.9 MPH)
|
| Bottom of the 2nd over - 0 runs, 0 hits, 0 errors, 0 left on base; Texas 0 - Colorado 1 |
| TOP OF THE 3RD |
|
Texas Rangers batting - Pitching for Colorado Rockies : LHP Marquise Barretti
|
|
Batting: RHB Zhao-ji Chi
|
0-0: Ball 1-0: Called Strike 1-1: Foul Ball, location: 2F 1-2: Ball 2-2: Fly out, F8 (Flyball, 8RXD, EV 90.6 MPH)
|
|
Batting: RHB Alex Sandoval
|
0-0: Ground out 5-3 (Groundball, 56, EV 91.3 MPH)
|
|
Batting: RHB David Casas
|
0-0: Called Strike 0-1: Ball 1-1: Ball 2-1: DOUBLE (Flyball, 8LXD, EV 98.8 MPH)
|
|
Batting: SHB John Giesbrecht
|
0-0: Called Strike 0-1: Ball 1-1: Ball 2-1: Ball 3-1: Called Strike 3-2: Foul Ball, location: 2F 3-2: Base on Balls
|
|
Batting: RHB Bert Clark
|
0-0: Ball 1-0: 3-RUN HOME RUN (Flyball, 7D, EV 93.8 MPH), Distance : 381 ft
|
|
Batting: RHB Rich Stinson
|
0-0: Swinging Strike 0-1: Swinging Strike 0-2: Strikes out swinging
|
| Top of the 3rd over - 3 runs, 2 hits, 0 errors, 0 left on base; Texas 3 - Colorado 1 |
| BOTTOM OF THE 3RD |
|
Colorado Rockies batting - Pitching for Texas Rangers : RHP Lu-shan Zhào
|
|
Batting: RHB Stephen Charbonneau
|
0-0: DOUBLE (Flyball, 8RXD, EV 97.5 MPH)
|
|
Batting: RHB Joel Haycock
|
0-0: Ball 1-0: SINGLE (Groundball, 56D, EV 96.3 MPH) Stephen Charbonneau to third Runner from 3rd tries for Home, SAFE, throw by LF to home Joel Haycock to second
|
|
Batting: RHB Chad Thompson
|
0-0: Called Strike 0-1: Ball 1-1: Foul Ball, location: 2F 1-2: Strikes out swinging
|
|
Batting: SHB Chris Blue
|
0-0: Ball 1-0: Called Strike 1-1: Called Strike 1-2: Foul Ball, location: 2F 1-2: Strikes out looking
|
|
Batting: RHB Jason Andrews
|
0-0: Swinging Strike 0-1: Ball 1-1: 2-RUN HOME RUN (Flyball, 8RXD, EV 110.6 MPH), Distance : 425 ft
|
|
Batting: LHB Robert Watson
|
0-0: SINGLE (Groundball, 3S, EV 69.4 MPH) (infield hit)
|
|
Batting: RHB Rico Coss
|
0-0: Foul Ball, location: 2F 0-1: Ball 1-1: Called Strike 1-2: Ball 2-2: Ball Robert Watson steals 2nd base 3-2: Foul Ball, location: 2F 3-2: Strikes out swinging
|
| Bottom of the 3rd over - 3 runs, 4 hits, 0 errors, 1 left on base; Texas 3 - Colorado 4 |
| TOP OF THE 4TH |
|
Texas Rangers batting - Pitching for Colorado Rockies : LHP Marquise Barretti
|
|
Batting: RHB Casey Semenza
|
0-0: Ball 1-0: Called Strike 1-1: Swinging Strike 1-2: Fly out, F2 (Popup, 25F, EV 88.1 MPH)
|
|
Batting: SHB Vince Ealy
|
0-0: Ball 1-0: Swinging Strike 1-1: Ball 2-1: Swinging Strike 2-2: Ball 3-2: Foul Ball, location: 2F 3-2: Foul Ball, location: 2F 3-2: Ground out 6-3 (Groundball, 6, EV 105.0 MPH)
|
|
Batting: LHB Johan de Vries
|
0-0: Called Strike 0-1: Ball 1-1: Called Strike 1-2: Ball 2-2: Ground out 1-3 (Groundball, 34S, EV 64.4 MPH)
|
| Top of the 4th over - 0 runs, 0 hits, 0 errors, 0 left on base; Texas 3 - Colorado 4 |
| BOTTOM OF THE 4TH |
|
Colorado Rockies batting - Pitching for Texas Rangers : RHP Lu-shan Zhào
|
|
Batting: LHB Chris Locklear
|
0-0: Ball 1-0: Ground out 6-3 (Groundball, 6, EV 86.9 MPH)
|
|
Batting: RHB Leo Mair
|
0-0: Ball 1-0: Ball 2-0: Called Strike 2-1: Ball 3-1: Foul Ball, location: 2F 3-2: Strikes out swinging
|
|
Batting: RHB Stephen Charbonneau
|
0-0: Called Strike 0-1: Ball 1-1: Reached on error, E4 (Groundball, 4, EV 108.1 MPH)
|
|
Batting: RHB Joel Haycock
|
0-0: Ball 1-0: Called Strike 1-1: Ball 2-1: Fly out, F7 (Line Drive, 7D, EV 90.6 MPH)
|
| Bottom of the 4th over - 0 runs, 0 hits, 1 error, 1 left on base; Texas 3 - Colorado 4 |
| TOP OF THE 5TH |
|
Texas Rangers batting - Pitching for Colorado Rockies : LHP Marquise Barretti
|
|
Batting: RHB Zhao-ji Chi
|
0-0: Swinging Strike 0-1: Ball 1-1: Foul Ball, location: 2F 1-2: Ground out 6-3 (Groundball, 6S, EV 88.1 MPH)
|
|
Batting: RHB Alex Sandoval
|
0-0: Called Strike 0-1: Called Strike 0-2: SINGLE (Line Drive, 56, EV 95.6 MPH)
|
|
Batting: RHB David Casas
|
0-0: Ball 1-0: SINGLE (Groundball, 56D, EV 102.5 MPH) Alex Sandoval to second
|
|
Batting: SHB John Giesbrecht
|
0-0: Ball 1-0: Grounds into double play, 5-4-3 (Groundball, 56, EV 85.0 MPH)
|
| Top of the 5th over - 0 runs, 2 hits, 0 errors, 1 left on base; Texas 3 - Colorado 4 |
| BOTTOM OF THE 5TH |
|
Colorado Rockies batting - Pitching for Texas Rangers : RHP Lu-shan Zhào
|
|
Batting: RHB Chad Thompson
|
0-0: Foul Ball, location: 2F 0-1: Ball 1-1: Ball 2-1: Ground out 6-3 (Groundball, 6, EV 100.6 MPH)
|
|
Batting: SHB Chris Blue
|
0-0: Ball 1-0: Fly out, F7 (Flyball, 78S, EV 95.0 MPH)
|
|
Batting: RHB Jason Andrews
|
0-0: Ball 1-0: Called Strike 1-1: SOLO HOME RUN (Flyball, 89XD, EV 101.9 MPH), Distance : 403 ft
|
|
Pitching: RHP Hector Aguado
|
|
|
Batting: LHB Robert Watson
|
0-0: Swinging Strike 0-1: Swinging Strike 0-2: Ball 1-2: Ball 2-2: Foul Ball, location: 2F 2-2: Fly out, F7 (Flyball, 78S, EV 81.3 MPH)
|
| Bottom of the 5th over - 1 run, 1 hit, 0 errors, 0 left on base; Texas 3 - Colorado 5 |
| TOP OF THE 6TH |
|
Texas Rangers batting - Pitching for Colorado Rockies : LHP Marquise Barretti
|
|
Batting: RHB Bert Clark
|
0-0: SINGLE (Groundball, 6MD, EV 105.6 MPH) (infield hit)
|
|
Batting: RHB Rich Stinson
|
0-0: Ball 1-0: Foul Ball, location: 2F 1-1: Foul Ball, location: 2F 1-2: Strikes out swinging
|
|
Batting: RHB Casey Semenza
|
0-0: Ball 1-0: Called Strike 1-1: SINGLE (Line Drive, 8LM, EV 108.1 MPH) Bert Clark to second
|
|
Batting: SHB Vince Ealy
|
0-0: Ball 1-0: Foul Ball, location: 2F 1-1: Called Strike 1-2: DOUBLE (Line Drive, 89D, EV 106.3 MPH) Bert Clark scores Casey Semenza to third
|
|
Batting: LHB Johan de Vries
|
0-0: Ball 1-0: Fly out, F7 (Flyball, 78S, EV 90.0 MPH)
|
|
Batting: RHB Zhao-ji Chi
|
0-0: Ball 1-0: SINGLE (Flyball, 5D, EV 95.6 MPH) Casey Semenza scores Vince Ealy to third Runner from 3rd tries for Home, SAFE, throw by LF to home
|
|
Pitching: RHP Oscar Munoz
|
|
|
Batting: RHB Alex Sandoval
|
0-0: Ball 1-0: Fly out, F5 (Popup, 56, EV 78.8 MPH)
|
| Top of the 6th over - 3 runs, 4 hits, 0 errors, 1 left on base; Texas 6 - Colorado 5 |
| BOTTOM OF THE 6TH |
|
Colorado Rockies batting - Pitching for Texas Rangers : RHP Hector Aguado
|
|
Batting: RHB Rico Coss
|
0-0: Called Strike 0-1: Ball 1-1: Ball 2-1: Foul Ball, location: 2F 2-2: Ball 3-2: Strikes out swinging
|
|
Batting: LHB Chris Locklear
|
0-0: Ball 1-0: Swinging Strike 1-1: Swinging Strike 1-2: Strikes out swinging
|
|
Batting: RHB Leo Mair
|
0-0: Called Strike 0-1: Called Strike 0-2: Hit by Pitch
|
|
Batting: RHB Stephen Charbonneau
|
0-0: Swinging Strike 0-1: Called Strike 0-2: Ball 1-2: Strikes out swinging
|
| Bottom of the 6th over - 0 runs, 0 hits, 0 errors, 1 left on base; Texas 6 - Colorado 5 |
| TOP OF THE 7TH |
|
Texas Rangers batting - Pitching for Colorado Rockies : RHP Oscar Munoz
|
|
Batting: RHB David Casas
|
0-0: Ball 1-0: Called Strike 1-1: Called Strike 1-2: Foul Ball, location: 2F 1-2: Ball 2-2: Ground out 6-3 (Groundball, 56, EV 100.6 MPH)
|
|
Batting: SHB John Giesbrecht
|
0-0: Ball 1-0: Called Strike 1-1: Fly out, F7 (Flyball, 78XD, EV 87.5 MPH)
|
|
Batting: RHB Bert Clark
|
0-0: TRIPLE (Flyball, 9LD, EV 96.9 MPH)
|
|
Batting: RHB Rich Stinson
|
0-0: Ball 1-0: SINGLE (Line Drive, 78S, EV 98.1 MPH) Bert Clark scores
|
|
Batting: RHB Casey Semenza
|
0-0: Ball 1-0: Called Strike 1-1: Ball 2-1: Called Strike 2-2: SINGLE (Groundball, 6S, EV 69.4 MPH) (infield hit) Rich Stinson to second
|
|
Batting: SHB Vince Ealy
|
0-0: Ball 1-0: Ball 2-0: Ball 3-0: Base on Balls Rich Stinson to third Casey Semenza to second
|
|
Batting: LHB Johan de Vries
|
0-0: Ball 1-0: Foul Ball, location: 2F 1-1: Fly out, F8 (Flyball, 89D, EV 99.4 MPH)
|
| Top of the 7th over - 1 run, 3 hits, 0 errors, 3 left on base; Texas 7 - Colorado 5 |
| BOTTOM OF THE 7TH |
|
Colorado Rockies batting - Pitching for Texas Rangers : RHP Hector Aguado
|
|
Pitching: RHP Troy Baker
|
|
|
Batting: RHB Joel Haycock
|
0-0: SINGLE (Groundball, 6MD, EV 110.0 MPH)
|
|
Pinch Runner at 1st Sterling Acosta:
|
|
|
Batting: RHB Chad Thompson
|
0-0: Swinging Strike 0-1: Ball 1-1: Ball 2-1: Ball 3-1: DOUBLE (Line Drive, 9LS, EV 90.0 MPH) Sterling Acosta to third Runner from 3rd tries for Home, SAFE, no throw by RF
|
|
Batting: SHB Chris Blue
|
0-0: Foul Ball, location: 2F 0-1: Foul Ball, location: 2F 0-2: Strikes out swinging
|
|
Batting: RHB Jason Andrews
|
0-0: Ball 1-0: Swinging Strike 1-1: Ball 2-1: Fly out, F5 (Popup, 5, EV 78.1 MPH)
|
|
Batting: LHB Robert Watson
|
0-0: Swinging Strike 0-1: 2-RUN HOME RUN (Flyball, 9LD, EV 95.6 MPH), Distance : 367 ft
|
|
Pitching: RHP Manny Solis
|
|
|
Batting: RHB Rico Coss
|
0-0: Foul Ball, location: 2F 0-1: Foul Ball, location: 2F 0-2: Ball 1-2: Foul Ball, location: 2F 1-2: Fly out, F8 (Line Drive, 8RD, EV 86.3 MPH)
|
| Bottom of the 7th over - 3 runs, 3 hits, 0 errors, 0 left on base; Texas 7 - Colorado 8 |
| TOP OF THE 8TH |
|
Texas Rangers batting - Pitching for Colorado Rockies : RHP Oscar Munoz
|
|
Pitching: RHP Victor Walshe
|
|
|
Now at 1B: Jose Robles
|
|
|
Batting: RHB Zhao-ji Chi
|
0-0: Called Strike 0-1: Ground out 6-3 (Groundball, 56, EV 80.6 MPH)
|
|
Batting: RHB Alex Sandoval
|
0-0: Swinging Strike 0-1: Ball 1-1: Ball 2-1: SINGLE (Groundball, 25, EV 66.3 MPH) (infield hit)
|
|
Batting: RHB David Casas
|
0-0: Ball 1-0: Ball Alex Sandoval steals 2nd base 2-0: Ball 3-0: SINGLE (Line Drive, 8LS, EV 94.4 MPH) Alex Sandoval to third Runner from 3rd tries for Home, SAFE, throw by CF to home
|
|
Batting: SHB John Giesbrecht
|
0-0: Called Strike 0-1: Ball 1-1: Ball 2-1: Called Strike Pickoff Throw to First - Out! 1-3 2-2: DOUBLE (Line Drive, 9LD, EV 113.1 MPH)
|
|
Batting: RHB Bert Clark
|
0-0: Ball 1-0: Swinging Strike 1-1: Swinging Strike 1-2: Foul Ball, location: 2F 1-2: Ball 2-2: Ball 3-2: Ground out 5-3 (Groundball, 5S, EV 84.4 MPH)
|
| Top of the 8th over - 1 run, 3 hits, 0 errors, 1 left on base; Texas 8 - Colorado 8 |
| BOTTOM OF THE 8TH |
|
Colorado Rockies batting - Pitching for Texas Rangers : RHP Manny Solis
|
|
Batting: LHB Chris Locklear
|
0-0: SINGLE (Line Drive, 78M, EV 93.8 MPH)
|
|
Batting: RHB Leo Mair
|
0-0: Called Strike 0-1: Ball 1-1: SINGLE (Groundball, 34D, EV 96.3 MPH) Chris Locklear to second Runner from 2nd tries for 3rd, SAFE, throw by RF made to third
|
|
Batting: RHB Stephen Charbonneau
|
0-0: Foul Ball, location: 2F 0-1: Foul Ball, location: 2F 0-2: Ball 1-2: Ball 2-2: Ball 3-2: DOUBLE (Flyball, 8RXD, EV 101.3 MPH) Chris Locklear scores Leo Mair to third
|
|
Batting: LHB Jose Robles
|
0-0: Ball 1-0: Ball 2-0: Ball 3-0: Called Strike 3-1: 3-RUN HOME RUN (Flyball, 9LD, EV 96.3 MPH), Distance : 372 ft
|
|
Pitching: RHP John Bialon
|
|
|
Batting: RHB Chad Thompson
|
0-0: Called Strike 0-1: Fly out, F8 (Flyball, 8LD, EV 79.4 MPH)
|
|
Batting: SHB Chris Blue
|
0-0: Ball 1-0: Fly out, F9 (Flyball, 9LD, EV 89.4 MPH)
|
|
Batting: RHB Jason Andrews
|
0-0: Ball 1-0: Ball 2-0: Ball 3-0: Called Strike 3-1: Called Strike 3-2: Foul Ball, location: 2F 3-2: Base on Balls
|
|
Batting: LHB Robert Watson
|
0-0: Ball 1-0: Called Strike 1-1: Ball Jason Andrews steals 2nd base 2-1: SINGLE (Groundball, 6MS, EV 70.0 MPH) (infield hit) Jason Andrews to third
|
|
Batting: RHB Rico Coss
|
0-0: Fly out, F4 (Flyball, 4D, EV 85.0 MPH)
|
| Bottom of the 8th over - 4 runs, 5 hits, 0 errors, 2 left on base; Texas 8 - Colorado 12 |
| TOP OF THE 9TH |
|
Texas Rangers batting - Pitching for Colorado Rockies : RHP Victor Walshe
|
|
Pitching: RHP Gabe Baxter
|
|
|
Batting: RHB Rich Stinson
|
0-0: Ball 1-0: Ball 2-0: Foul Ball, location: 2F 2-1: Foul Ball, location: 2F 2-2: Ball 3-2: Base on Balls
|
|
Batting: RHB Casey Semenza
|
0-0: Ball 1-0: Ball 2-0: Called Strike 2-1: Swinging Strike 2-2: Ball 3-2: DOUBLE (Line Drive, 9LM, EV 101.9 MPH) Rich Stinson to third Rich Stinson scores
|
|
Pitching: LHP Ryan Fulford
|
|
|
Batting: SHB Vince Ealy
|
0-0: Foul Ball, location: 2F 0-1: Ball 1-1: Swinging Strike 1-2: Foul Ball, location: 2F 1-2: Ball Wild Pitch! Casey Semenza to third 2-2: Ground out 4-3 (Groundball, 4M, EV 108.8 MPH) Casey Semenza scores
|
|
Pinch Hitting: RHB Edwin Madrid
|
0-0: Ball 1-0: Ground out 5-3 (Groundball, 5S, EV 65.6 MPH)
|
|
Batting: RHB Zhao-ji Chi
|
0-0: DOUBLE (Line Drive, 9LM, EV 105.6 MPH)
|
|
Batting: RHB Alex Sandoval
|
0-0: Called Strike 0-1: DOUBLE (Line Drive, 9LM, EV 114.4 MPH) Zhao-ji Chi scores
|
|
Batting: RHB David Casas
|
0-0: Foul Ball, location: 2F 0-1: Foul Ball, location: 2F 0-2: Ball 1-2: Ball 2-2: Foul Ball, location: 2F 2-2: SINGLE (Line Drive, 56D, EV 93.8 MPH) Alex Sandoval to third
|
|
Batting: SHB John Giesbrecht
|
0-0: Ball 1-0: 3-RUN HOME RUN (Flyball, 7LD, EV 98.8 MPH), Distance : 359 ft
|
|
Pitching: LHP Dave Burridge
|
|
|
Batting: RHB Bert Clark
|
0-0: Swinging Strike 0-1: Ground out 6-3 (Groundball, 6, EV 80.0 MPH)
|
| Top of the 9th over - 6 runs, 5 hits, 0 errors, 0 left on base; Texas 14 - Colorado 12 |
| BOTTOM OF THE 9TH |
|
Colorado Rockies batting - Pitching for Texas Rangers : RHP John Bialon
|
|
Pitching: RHP Brad Kramer
|
|
|
Now at C: Jun Tsuda
|
|
|
Now in LF: Zhao-ji Chi
|
|
|
Now in CF: Cody Schumacher
|
|
|
Batting: LHB Chris Locklear
|
0-0: Ball 1-0: Ball 2-0: Swinging Strike 2-1: Called Strike 2-2: Ball 3-2: Strikes out swinging
|
|
Pinch Hitting: LHB Fabiano Perrolas
|
0-0: Swinging Strike 0-1: Ball 1-1: Foul Ball, location: 2F 1-2: Ball 2-2: DOUBLE (Flyball, 8LXD, EV 98.8 MPH)
|
|
Batting: RHB Stephen Charbonneau
|
0-0: Foul Ball, location: 2F 0-1: Called Strike 0-2: Ball 1-2: Ball 2-2: Ball 3-2: Fly out, F4 (Line Drive, 4, EV 64.4 MPH)
|
|
Batting: LHB Jose Robles
|
0-0: Called Strike 0-1: Ball 1-1: Ball 2-1: Ball 3-1: Called Strike 3-2: Strikes out looking
|
| Bottom of the 9th over - 0 runs, 1 hit, 0 errors, 1 left on base; Texas 14 - Colorado 12 |
|